 Dungeon Crawl Stone Soup version 0.20.0-8-g6b59dc7 (webtiles) character file.

93 maniacrov the Cudgeler (level 4, -1/34 HPs)
             Began as a Demonspawn Gladiator on June 1, 2017.
             Killed by nerve-wracking pain
             ... invoked by a shadow imp
             ... summoned by Natasha
              (11 damage)
             ... on level 2 of the Dungeon.
             The game lasted 00:08:08 (854 turns).

maniacrov the Cudgeler (Demonspawn Gladiator)        Turns: 854, Time: 00:08:08

Health: -1/34      AC:  4    Str: 14    XL:     4   Next: 37%
Magic:  0/4        EV: 13    Int: 10    God:
Gold:   91         SH:  0    Dex: 17    Spells: 3/3 levels left

rFire    . . .     SeeInvis .   a - +0 flail
rCold    . . .     Gourm    .   (no shield)
rNeg     . . .     Faith    .   b - +0 leather armour
rPois    .         Spirit   +   c - +0 helmet
rElec    .         Reflect  .   (no cloak)
rCorr    .         Harm     .   (no gloves)
MR       .....                  (no boots)
Stlth    ++........             (no amulet)
Regen    0.2/turn               (no ring)
MPRegen  0.1/turn               (no ring)

@: no status effects
A: thin skeletal structure 1, magic shield
a: no special abilities


You were on level 2 of the Dungeon.
You were not hungry.

You visited 1 branch of the dungeon, and saw 2 of its levels.

You collected 91 gold pieces.

Inventory:

Hand Weapons
 a - a +0 flail (weapon)
Missiles
 d - 3 throwing nets (quivered)
 e - 12 poisoned needles
 j - 2 javelins
 k - 21 stones
Armour
 b - a +0 leather armour (worn)
 c - a +0 helmet (worn)
 l - a +0 robe
 o - a +0 leather armour
Scrolls
 m - a scroll of enchant armour {unknown}
 p - a scroll of remove curse {unknown}
Potions
 h - a potion of lignification
 i - a potion of degeneration
 n - 2 potions of resistance {unknown}
Comestibles
 f - a bread ration
 g - 2 meat rations


   Skills:
 + Level 2.5 Fighting
 + Level 3.6 Maces & Flails
 + Level 1.9 Throwing
 + Level 0.8 Armour
 + Level 3.2 Dodging
 + Level 0.8 Stealth


You had 3 spell levels left.
You didn't know any spells.

Dungeon Overview and Level Annotations

Branches:
Dungeon (2/15)

Altars:
Qazlal
Vehumet

Annotations:
D:2 Natasha


Innate Abilities, Weirdness & Mutations

You have a somewhat thin skeletal structure. (Dex +2, Stealth)
When hurt, damage is shared between your health and your magic reserves.


Message History

The shadow imp gestures at you. Pain shoots through your body!
You hit Natasha but do no damage.
Natasha is moderately wounded.
Natasha wildly gestures.
Natasha glows brightly for a moment.
Natasha barely misses you. The shadow imp hits you.
The shadow imp barely misses you.
You closely miss Natasha.
Natasha is moderately wounded.
Natasha barely misses you. The shadow imp closely misses you.
The shadow imp gestures at you. Pain shoots through your body!
* * * LOW HITPOINT WARNING * * *
Natasha barely misses you.
Your leather armour prevents you from hitting Natasha.
Natasha is moderately wounded.
The shadow imp gestures at you. Pain shoots through your body!
You die...

###########
#..........
#.######### #.#
#.# # #.#
###.##########.#
......5...)....#
......h@...#####
..#.####5......
# ..........
###.####### ###
..# ... #..# # .
#.# #..# . #.#
.# . #.#


You could see Natasha and 2 shadow imps.

Vanquished Creatures
  Jessica (D:2)
  3 adders (D:2)
  2 dart slugs
  3 bats
  2 giant cockroaches (D:2)
  6 goblins
  A hobgoblin (D:1)
  7 jackals
  2 ball pythons
  A frilled lizard (D:2)
  3 kobolds
  7 rats
38 creatures vanquished.

Notes
Turn   | Place    | Note
-------+----------+-------------------------------------------
     0 | D:1      | maniacrov the Demonspawn Gladiator began the quest for the Orb.
     0 | D:1      | Reached XP level 1. HP: 16/16 MP: 1/1
   259 | D:1      | Gained mutation: When hurt, damage is shared between your health and your magic reserves. [demonic ancestry]
   259 | D:1      | Reached XP level 2. HP: 22/22 MP: 2/2
   511 | D:2      | Gained mutation: You have a somewhat thin skeletal structure. (Dex +2, Stealth) [demonic ancestry]
   511 | D:2      | Reached XP level 3. HP: 20/27 MP: 1/3
   520 | D:2      | Found a radiant altar of Vehumet.
   540 | D:2      | Found a stormy altar of Qazlal.
   585 | D:2      | Noticed Jessica
   592 | D:2      | Killed Jessica
   657 | D:2      | Reached XP level 4. HP: 26/34 MP: 4/4
   843 | D:2      | Noticed Natasha
   854 | D:2      | Killed from afar by a shadow imp

Skill      XL: |  1  2 |
---------------+-------+-----
Dodging        | 3 |  3.2
Maces & Flails | 3 |  3.6
Fighting       | |  2.5
Throwing       | |  1.9
Armour         | |  0.8
Stealth        | |  0.8

Action                   |  1- 3 |  4- 6 || total
-------------------------+-------+-------++-------
Melee: Flail             |    82 |    31 ||   113
  Use: Scroll            |     3 |       ||     3
       Potion            |     1 |       ||     1
 Stab: Sleeping          |     3 |       ||     3
Armor: Leather armour    |    22 |    10 ||    32
Dodge: Dodged            |    78 |    32 ||   110
